 Dungeon Crawl Stone Soup version 0.27-a0-522-g46bbb28828 (webtiles) character file.

Game seed: 13140583015910131655

875 jasper the Thrower (level 7, -1/33 HPs)
             Began as a Spriggan Brigand on Mar 4, 2021.
             Was an Initiate of Okawaru.
             Splashed by a jelly's acid (4 damage)
             ... on level 5 of the Dungeon.
             The game lasted 00:07:42 (5318 turns).

jasper the Thrower (Spriggan Brigand)               Turns: 5318, Time: 00:07:42

Health: -1/33      AC: -1    Str:  7    XL:     7   Next: 74%
Magic:  8/8        EV: 16    Int: 13    God:    Okawaru [......]
Gold:   262        SH:  0    Dex: 18    Spells: 6/6 levels left

rFire    . . .     SeeInvis +   r - +2 short sword (venom)
rCold    . . .     Faith    .   (shield restricted)
rNeg     . . .     Spirit   .   b - +0 robe
rPois    .         Reflect  .   (helmet restricted)
rElec    .         Harm     .   c - +0 cloak
rCorr    .         Rampage  .   (gloves unavailable)
Will     +....                  (boots unavailable)
Stlth    +++.......             (no amulet)
HPRegen  0.11/turn              (no ring)
MPRegen  0.11/turn              (no ring)

@: corroded, very quick
A: very small, unfitting armour, see invisible, speed 3
a: Renounce Religion


You were on level 5 of the Dungeon.
You worshipped Okawaru.
Okawaru was noncommittal.
You visited 2 branches of the dungeon, and saw 6 of its levels.

You collected 262 gold pieces.

Inventory:

Hand Weapons
 a - a +2 dagger
 g - a +2 short sword of speed
 k - a +2 dagger of venom
 r - a +2 short sword of venom (weapon)
Missiles
 d - 6 poisoned darts (quivered)
 e - 4 curare-tipped darts
 h - 157 stones
 o - 4 datura-tipped darts
Armour
 b - a +0 robe (worn)
 c - a +0 cloak (worn)
 t - a scarf of resistance
Wands
 u - a wand of paralysis (8)
Scrolls
 i - 3 scrolls of amnesia {unknown}
 j - 8 scrolls of identify {unknown}
 l - a scroll of immolation {unknown}
 p - a scroll of enchant weapon {unknown}
 q - 2 scrolls of teleportation {unknown}
 s - a scroll of enchant armour {unknown}
 x - a scroll of fog {unknown}
Potions
 f - a potion of flight {unknown}
 m - 2 potions of might {unknown}
 n - a potion of curing
 v - 2 potions of cancellation {unknown}
 w - a potion of mutation {unknown}
 z - a potion of degeneration {unknown}


   Skills:
 - Level 1.5 Fighting
 - Level 2.1 Short Blades
 * Level 9.1 Throwing
 - Level 1.3 Dodging
 - Level 5.8 Stealth


You had 6 spell levels left.
You didn't know any spells.
Your spell library was empty.

Dungeon Overview and Level Annotations

Branches:
Dungeon (5/15)             Temple (1/1) D:4

Altars:
Ashenzari
Cheibriados
Dithmenos
Elyvilon
Fedhas
Gozag
Hepliaklqana
Kikubaaqudgha
Makhleb
Okawaru
Qazlal
Ru
Sif Muna
Trog
Vehumet
Wu Jian
Xom
Yredelemnul
Zin
The Shining One


Innate Abilities, Weirdness & Mutations

You are very small and have problems with some larger weapons.
You are too small for most types of armour.
You have supernaturally acute eyesight. (SInv)
You cover ground extremely quickly. (Speed+++)


Message History

The white imp gestures at you. The puff of frost misses you.
You hit the white imp.
The white imp is lightly wounded.
The white imp misses you.
You hit the white imp.
The white imp is heavily wounded.
The white imp gestures at you. The puff of frost hits you!
You take 8 damage, and have 25/33 hp.
MASSIVE DAMAGE!!
You hit the white imp.
The white imp is severely wounded.
The white imp barely misses you.
You barely miss the white imp.
The white imp is severely wounded.
The jelly jiggles.
The jelly hits you but does no damage. The white imp barely misses you.
You completely miss the white imp.
The white imp is severely wounded.
The jelly completely misses you. The white imp misses you.
You hit the white imp.
You kill the white imp!
Okawaru accepts your kill. The jelly closely misses you.
You hit the jelly.
Your hands burn!
The jelly is moderately wounded.
The jelly barely misses you.
You take 3 damage, and have 22/33 hp.
You hit the jelly.
The jelly is poisoned.
The acid corrodes you!
Your hands burn!
The jelly is heavily wounded.
The jelly completely misses you.
You take 5 damage, and have 17/33 hp.
You hit the jelly.
Your hands burn!
The jelly is severely wounded.
The jelly hits you.
You are splashed with acid!
* * * LOW HITPOINT WARNING * * *
You take 14 damage, and have 3/33 hp.
MASSIVE DAMAGE!!
You hit the jelly but do no damage.
Your hands burn!
You die...

#...# ##. #...#
##...........#
#...##.............##
#...................##
#....................#
.)..................#
....................#
...............J...#
............[...@..#
.5................##
#..#....|.........#
##..#...........†##
#..............##
##...........>.##
#............†.#
#..#...........#
#..(.........#..#


You could see a jelly (very poisoned).

Vanquished Creatures
  Grinder (D:4)
  Sigmund (D:2)
  An ogre (D:4)
  3 howler monkeys (D:4)
  Jessica (D:2)
  Ijyb (D:5)
  3 orc wizards (D:5)
  2 worker ants
  4 adders
  A shadow imp (D:5)
  A white imp (D:5)
  A worm (D:4)
  3 dart slugs
  A leopard gecko (D:4)
  7 orcs
  5 bats
  5 giant cockroaches
  5 goblins
  5 hobgoblins
  9 jackals
  12 kobolds
  A quokka (D:4)
  A ball python skeleton (D:4)
  7 frilled lizards
  6 rats
87 creatures vanquished.

Vanquished Creatures (collateral kills)
  An orc wizard (D:5)
1 creature vanquished.

Vanquished Creatures (others)
  An orc priest (D:5)
1 creature vanquished.

Grand Total: 89 creatures vanquished

Notes
Turn   | Place    | Note
-------+----------+-------------------------------------------
     0 | D:1      | jasper the Spriggan Brigand began the quest for the Orb.
     0 | D:1      | Reached XP level 1. HP: 10/10 MP: 2/2
   499 | D:1      | Reached XP level 2. HP: 14/14 MP: 3/3
   598 | D:1      | Reached skill level 3 in Throwing
  1285 | D:2      | Noticed Sigmund
  1456 | D:3      | Reached XP level 3. HP: 17/18 MP: 4/4
  1488 | D:3      | Found a snail-covered altar of Cheibriados.
  2202 | D:4      | Reached skill level 4 in Throwing
  2276 | D:4      | Noticed an ogre
  2301 | D:4      | Killed an ogre
  2302 | D:4      | Reached skill level 5 in Throwing
  2302 | D:4      | Reached XP level 4. HP: 20/22 MP: 5/5
  2447 | D:4      | Noticed Grinder
  2568 | D:4      | Killed Grinder
  2569 | D:4      | Reached skill level 6 in Throwing
  2569 | D:4      | Reached XP level 5. HP: 24/25 MP: 6/6
  2569 | D:4      | Reached XP level 6. HP: 29/30 MP: 7/7
  2834 | D:4      | Reached skill level 7 in Throwing
  2845 | D:4      | Found an ancient bone altar of Kikubaaqudgha.
  2977 | D:4      | Identified the +5 hand crossbow of Inference {venom, rElec
                  | rC- SInv}
  3273 | D:4      | Found a staircase to the Ecumenical Temple.
  3443 | Temple   | Entered the Ecumenical Temple
  3506 | D:5      | Entered Level 5 of the Dungeon
  3521 | D:5      | Reached XP level 7. HP: 33/33 MP: 8/8
  3625 | D:5      | Reached skill level 8 in Throwing
  3739 | D:5      | Noticed Ijyb
  3742 | D:5      | Killed Ijyb
  4320 | D:2      | Killed Sigmund
  4484 | D:2      | Noticed Jessica
  4487 | D:2      | Killed Jessica
  4523 | D:2      | Reached skill level 9 in Throwing
  5139 | D:5      | Found an iron altar of Okawaru.
  5139 | D:5      | Found a broken altar of Ashenzari.
  5139 | D:5      | Found a stormy altar of Qazlal.
  5146 | D:5      | Became a worshipper of Warmaster Okawaru
  5318 | D:5      | Splashed by a jelly's acid

Illustrated notes

Levels and vault maps discovered:
D:1:      heliophobic_arrival_enchanted_forest, layout_loops_ring
D:2:      layout_loops_ring, minmay_misc_feat_secret_circle,
          minmay_misc_feat_hallway, uniq_sigmund, uniq_jessica
D:3:      layout_loops_ring, kennysheep_slug_shrine
D:4:      layout_loops_ring, kiku_gazebo_pond_becter,
          minmay_temple_entry_statues, hex_tiny, uniq_grinder
D:5:      layout_cave_pods, gammafunk_temple_overflow_forgotten,
          amcnicky_mini_pool_medium, uniq_ijyb
Temple:   nicolae_temple_no_exploring_needed

Skill      XL: |  1  2  3  4  5  6  7 |
---------------+----------------------+-----
Throwing       | 3 5 6 7 9 |  9.1
Fighting       | |  1.5
Short Blades   | |  2.1
Dodging        | |  1.3
Stealth        | |  5.8

Action                   |  1- 3 |  4- 6 |  7- 9 || total
-------------------------+-------+-------+-------++-------
Melee: Short sword       |    89 |    60 |   135 ||   284
       Dagger            |     6 |       |       ||     6
Throw: Dart              |     8 |     5 |     4 ||    17
  Use: Potion            |       |     1 |       ||     1
 Stab: Sleeping          |    16 |     1 |     3 ||    20
       Distracted        |     1 |       |     1 ||     2
Armor: Robe              |     6 |     3 |    13 ||    22
Dodge: Dodged            |    42 |    36 |    93 ||   171

Table legend: (Time is in decaauts)
 A = Elapsed time spent in this place.
 B = Non-inter-level travel time spent in this place.
 C = Inter-level travel time spent in this place.
 D = Time resting spent in this place.
 E = Time spent auto-exploring this place.
 F = Levels seen in this place.
 G = Mean time per level.
                   A        B        C        D        E       F      G
               +--------+--------+--------+--------+--------+-----+--------+
         Total |   4016 |   3820 |    196 |    920 |   2307 |   6 |  669.3 |
       Dungeon |   4014 |   3818 |    196 |    920 |   2307 |   5 |  802.8 |
        Temple |      1 |      1 |      0 |      0 |      0 |   1 |    1.0 |
               +--------+--------+--------+--------+--------+-----+--------+

Top non-repeatable levels by time:
     D:4: 1486 daAuts
     D:1: 1009 daAuts
     D:2: 634 daAuts
     D:3: 481 daAuts
     D:5: 404 daAuts
  Temple: 1 daAuts
